 Dungeon Crawl Stone Soup version 0.20.0-4-g10b340a (webtiles) character file.

46 Minion the Sneak (level 3, -1/24 HPs)
             Began as an Octopode Assassin on May 28, 2017.
             Slain by an adder (3 damage)
             ... on level 2 of the Dungeon.
             The game lasted 00:02:27 (1715 turns).

Minion the Sneak (Octopode Assassin)                Turns: 1715, Time: 00:02:29

Health: -1/24      AC:  1    Str: 15    XL:     3   Next: 68%
Magic:  3/3        EV: 13    Int: 13    God:
Gold:   80         SH:  0    Dex: 14    Spells: 2/2 levels left

rFire    . . .     SeeInvis .   a - +2 dagger
rCold    . . .     Gourm    .   (no shield)
rNeg     . . .     Faith    .   (helmet restricted)
rPois    .         Spirit   .   (no amulet)
rElec    .         Reflect  .   (no ring)
rCorr    .         Harm     .   (no ring)
MR       .....                  (no ring)
Stlth    ++++......             (no ring)
Regen    0.1/turn               (no ring)
MPRegen  0.1/turn               (no ring)
                                (no ring)
                                (no ring)

@: mighty, lethally poisoned (-1 -> -17)
A: almost no armour, stealthy swim, amphibious, 8 rings, constrict 8, camouflage
1, gelatinous body 1
a: no special abilities


You were on level 2 of the Dungeon.
You were not hungry.

You visited 1 branch of the dungeon, and saw 2 of its levels.

You collected 80 gold pieces.

Inventory:

Hand Weapons
 a - a +2 dagger (weapon)
 b - a +0 blowgun
Missiles
 c - 8 poisoned needles
 d - 2 curare-tipped needles
 u - 3 needles of paralysis
Jewellery
 r - an uncursed ring of flight {unknown}
 t - an uncursed ring of resist corrosion {unknown}
Scrolls
 e - a scroll of recharging {unknown}
 g - a scroll of noise {unknown}
 h - a scroll of magic mapping {unknown}
 i - 5 scrolls of fear {unknown}
 j - 3 scrolls of immolation {unknown}
 k - a scroll of amnesia {unknown}
 l - 3 scrolls of identify {unknown}
Potions
 s - a potion of lignification {unknown}
Comestibles
 f - a bread ration
 m - a royal jelly
 n - a meat ration


   Skills:
 - Level 2.0 Fighting
 + Level 2.8 Short Blades
 - Level 2.0 Throwing
 + Level 2.0 Dodging
 + Level 6.0 Stealth


You had 2 spell levels left.
You didn't know any spells.

Dungeon Overview and Level Annotations

Branches:
Dungeon (2/15)

Altars:

Annotations:
D:2 Robin


Innate Abilities, Weirdness & Mutations

You cannot wear most types of armour.
You are very stealthy in the water. (Stealth+)
You are amphibious.
You can wear up to eight rings at the same time.
You can use your tentacles to constrict eight enemies at once.
Your skin changes colour to match your surroundings (Stealth+).
Your rubbery body absorbs attacks. (AC +1, EV +1)


Message History

You are lethally poisoned!
The adder poisons you! The goblin closely misses you.
You release your grip on the adder.
* * * LOW HITPOINT WARNING * * *
You feel sick. The adder bites you.
* * * LOW HITPOINT WARNING * * *
You are more poisoned.
The adder poisons you!
It was a potion of cancellation.
You feel magically purged.
* * * LOW HITPOINT WARNING * * *
You feel sick. The adder barely misses you.
All of the chunks of flesh in your inventory have rotted away.
It was a potion of might.
You feel very mighty all of a sudden.
* * * LOW HITPOINT WARNING * * *
You feel sick.
Robin roars a battlecry!
The goblins go into a battle-frenzy!
The adder bites you.
You die...

#...#.##...# #[.##.# #.S....#
###.....+...+ #.#..##.# #g.....#
....##.##...##+#.#..##.###......#
.................#...#...#......#
.....#.#......<..#..##...#......#
####...#....)....#..##...#......#
..###..#.........#......g.......#
...............#.#....g.g.......#
.....#..........@#..............#
......>#####...gS#............###
....... .......)g............#
.....## #####+##g............#
.....# #. #.............# .....#
#. #.............# ......
######.##.............#
......................#
#########.###############


You could see Robin, an adder and 2 goblins.

Vanquished Creatures
  2 oozes (D:1)
  A worm (D:2)
  2 dart slugs (D:1)
  5 bats
  A giant cockroach (D:1)
  4 goblins
  4 hobgoblins
  2 jackals (D:1)
  3 kobolds (D:1)
  A frilled lizard (D:1)
  4 rats (D:1)
29 creatures vanquished.

Notes
Turn   | Place    | Note
-------+----------+-------------------------------------------
     0 | D:1      | Minion the Octopode Assassin began the quest for the Orb.
     0 | D:1      | Reached XP level 1. HP: 14/14 MP: 1/1
   423 | D:1      | Reached XP level 2. HP: 19/19 MP: 2/2
   885 | D:1      | Reached XP level 3. HP: 16/24 MP: 3/3
  1256 | D:1      | Reached skill level 6 in Stealth
  1688 | D:2      | Noticed Robin
  1715 | D:2      | Slain by an adder

Skill      XL: |  1  2  3 |
---------------+----------+-----
Dodging        | 2 |  2.0
Stealth        | 6 |  6.0
Fighting       | |  2.0
Short Blades   | |  2.8
Throwing       | |  2.0

Action                   || total
-------------------------++-------
Melee: Dagger            ||    73
       Constrict         ||    19
       Tentacles         ||    11
  Use: Potion            ||     2
 Stab: Sleeping          ||     8
  Eat: Chunk             ||     2
Armor: Skin              ||     4
Dodge: Dodged            ||    39
